 Dungeon Crawl Stone Soup version 0.16.2-12-gd0ad4c3 (webtiles) character file.

46 faibistes the Magician (level 3, -1/19 HPs)
             Began as a Deep Elf Wizard on June 22, 2018.
             Killed by nerve-wracking pain
             ... invoked by Jessica
              (5 damage)
             ... on level 1 of the Dungeon.
             The game lasted 00:05:26 (1998 turns).

faibistes the Magician (Deep Elf Wizard)            Turns: 1998, Time: 00:05:26

Health: -1/19      AC:  2    Str:  4    XL:     3   Next: 44%
Magic:  2/14       EV: 13    Int: 23    God:
Gold:   82         SH:  0    Dex: 13    Spells: 5 memorised, 1 level left

rFire  . . .     SeeInvis .     m - +0 dagger
rCold  . . .     Clarity  .     a - +0 robe
rNeg   . . .     SustAb   .     (no shield)
rPois  .         Gourm    .     b - +0 hat
rElec  .         Spirit   .     (no cloak)
rCorr  .         Warding  .     (no gloves)
rMut   .         Stasis   .     (no boots)
MR     .....                    (no amulet)
Stlth  ++........               (no ring)
                                (no ring)

@: very slightly contaminated, not resistant to hostile enchantments, unstealthy
A: no striking features
a: no special abilities


You were on level 1 of the Dungeon.
You were very hungry.

You visited 1 branch of the dungeon, and saw 2 of its levels.

You collected 82 gold pieces.

Inventory:

Hand weapons
 j - a +0 club
 m - a +0 dagger (weapon)
Armour
 a - a +0 robe (worn)
 b - a +0 hat (worn)
Scrolls
 e - 3 scrolls of identify {unknown}
 g - a scroll of fog {unknown}
 i - a scroll of teleportation {unknown}
Potions
 h - a potion of curing {unknown}
 k - a potion of brilliance {unknown}
Books
 c - a book of Minor Magic

   Spells                             Type                      Level
   a - Magic Dart                     Conjuration                  1
   b - Blink                          Translocation                2
   c - Call Imp                       Summoning                    2
   d - Repel Missiles                 Charms/Air                   2
   e - Slow                           Hexes                        2
   f - Conjure Flame                  Conjuration/Fire             3
   g - Mephitic Cloud                 Conjuration/Poison/Air       3
Comestibles
 d - 3 bread rations
 f - 4 fruits
 l - a meat ration


   Skills:
 + Level 2.8 Dodging
 - Level 2.4 Stealth
 * Level 5.2 Spellcasting
 * Level 2.6 Conjurations
 - Level 1.1 Summonings
 - Level 1.1 Translocations


You had one spell level left.
You knew the following spells:

 Your Spells              Type           Power        Failure   Level  Hunger
a - Magic Dart            Conj           ###.         3%          1    None
b - Conjure Flame         Conj/Fire      ##......     17%         3    ##.....
c - Call Imp              Summ           ##......     12%         2    None
d - Blink                 Tloc           N/A          12%         2    None
e - Mephitic Cloud        Conj/Pois/Air  ##......     21%         3    ##.....


Dungeon Overview and Level Annotations

Branches:
Dungeon (2/15)

Altars:

Annotations:
D:1 Jessica
D:2 Ijyb


Message History

Press: ? - help, Shift-Dir - straight line, f/p - hobgoblin
Aim: a hobgoblin (almost dead)
The magic dart hits the hobgoblin.
You kill the hobgoblin!
Casting: Magic Dart
Confirm with . or Enter, or press ? or * to list all spells.
Aiming: Mephitic Cloud
Press: ? - help, Shift-Dir - straight line, f - Jessica
Aim: Jessica, wielding an enchanted club and wearing a robe (heavily wounded)
You miscast Mephitic Cloud.
The wind howls around you! Jessica gestures at you while chanting.
You barely resist.
Jessica casts a spell.
Jessica seems to speed up.
Jessica gestures at you while chanting.
You barely resist.
Jessica grins evilly.
Jessica gestures at you while chanting. Pain shoots through your body!
You die...

#.## ##.....## ##.#.#.
#.# ##...## ##....##
#.# ##'## ##..#..##
#.# #.# ####...#####
#.# #.# ##.##.### #.
#.# ##.###.....# ##.
#.# ### ##...##..##.#
###..
#.###.####.....#..####
#..##
#.##.#.....@...#...#
#.##
#.###.######@#####<#
### #.....# #.# ###
####### #.# #.# #.#
######### #.#
#.......# #.# ########
#.#####.# #.# #......#


You could see Jessica.

Vanquished Creatures
  A gnoll (D:1)
  An adder (D:2)
  A giant cockroach (D:1)
  3 goblins (D:1)
  4 hobgoblins (D:1)
  2 oozes (D:1)
  4 bats (D:1)
  2 giant newts (D:1)
  6 kobolds (D:1)
  2 rats (D:1)
26 creatures vanquished.

Notes
Turn   | Place    | Note
--------------------------------------------------------------
     0 | D:1      | faibistes, the Deep Elf Wizard, began the quest for the Orb.
     0 | D:1      | Reached XP level 1. HP: 10/10 MP: 6/6
   602 | D:1      | Reached XP level 2. HP: 9/15 MP: 5/10
   725 | D:1      | Learned a level 2 spell: Blink
   728 | D:1      | Learned a level 2 spell: Call Imp
  1252 | D:1      | Reached skill level 5 in Spellcasting
  1515 | D:1      | Reached XP level 3. HP: 19/19 MP: 8/14
  1520 | D:1      | Learned a level 3 spell: Conjure Flame
  1524 | D:1      | Learned a level 3 spell: Mephitic Cloud
  1840 | D:2      | Noticed Ijyb
  1846 | D:2      | Noticed Jessica
  1998 | D:1      | Killed from afar by Jessica

Action                   || total
-------------------------++-------
Melee: Dagger            ||     5
 Cast: Magic Dart        ||    75
       Mephitic Cloud    ||     3
       Blink             ||     2
  Eat: Chunk             ||     2
